 Dungeon Crawl Stone Soup version 0.29.0-4-gdea44cf6ec (webtiles) character file.

Game seed: 10413583601216454673

163 qw the Chopper (level 5, -1/30 HPs)
             Began as a Tengu Warper on Aug 28, 2022.
             Slain by a gnoll
             ... wielding a +0 spear
              (5 damage)
             ... on level 3 of the Dungeon.
             The game lasted 00:00:16 (2239 turns).

qw the Chopper (Tengu Warper)                       Turns: 2239, Time: 00:00:17

Health: -1/30      AC:  6    Str: 13    XL:     5   Next: 44%
Magic:  9/9        EV: 13    Int: 13    God:
Gold:   42         SH:  0    Dex: 14    Spells: 8/8 levels left

rFire   . . .      SeeInvis .   Y - +0 hand axe (drain)
rCold   . . .      Faith    .   (no shield)
rNeg    . . .      Spirit   .   g - +0 ring mail
rPois   .          Reflect  .   (helmet restricted)
rElec   .          Harm     .   (no cloak)
rCorr   .          Rampage  .   e - +0 pair of gloves
Will    .....                   (boots unavailable)
Stlth   +.........              (no amulet)
HPRegen 0.10/turn               (no ring)
MPRegen 0.11/turn               (no ring)

@: flying quickly and evasively, slowed, very slow
A: beak, talons 3, nimble flight
a: no special abilities


You were on level 3 of the Dungeon.
You visited 1 branch of the dungeon, and saw 3 of its levels.

You collected 114 gold pieces.
You spent 72 gold pieces at shops.


Innate Abilities, Weirdness & Mutations

You have a beak for a mouth.
You have claws for feet.
Your magical nature lets you fly swiftly and evasively.


   Skills:
 - Level 2.0 Fighting
 + Level 6.0 Axes
 - Level 1.0 Throwing
 - Level 1.1 Armour
 - Level 2.1 Dodging
 - Level 2.0 Spellcasting
 - Level 2.4 Translocations


You had 8 spell levels left.
You didn't know any spells.
Your spell library contained the following spells:

 Spells                   Type           Power      Damage    Failure   Level
 Blink                    Tloc           14%        N/A       30%         2
 Gell's Gravitas          Tloc           7%         N/A       52%         3
 Lesser Beckoning         Tloc           7%         N/A       52%         3
 Teleport Other           Tloc           7%         N/A       52%         3
 Manifold Assault         Tloc           7%         N/A       99%         5

Inventory:

Hand Weapons
 j - a +0 mace
 Y - a +0 hand axe of draining (weapon)
Armour
 e - a +0 pair of gloves (worn)
 g - a +0 ring mail (worn)
 i - a +0 chain mail
Jewellery
 b - a ring of ice
Scrolls
 a - a scroll of identify
 q - a scroll of torment {unknown}
 r - a scroll of magic mapping {unknown}
Potions
 c - a potion of attraction {unknown}
 d - 2 potions of curing
 f - a potion of flight {unknown}
 h - a potion of heal wounds {unknown}
 k - 2 potions of might {unknown}
 l - 2 potions of lignification {unknown}
 m - a potion of magic {unknown}
 n - a potion of mutation {unknown}
 o - a potion of ambrosia {unknown}
 p - a potion of haste {unknown}

Dungeon Overview and Level Annotations

Branches:
Dungeon (3/15)

Altars:
Ashenzari

Shops:
D:3 ?!

Annotations:
D:3 Natasha


Message History

Natasha howls an incantation.
You feel troubled.
You hit the gnoll. You drain the gnoll. You claw the gnoll.
The gnoll is almost dead.
You closely miss the goblin. You closely miss the gnoll. The gnoll misses you.
The gnoll hits you but does no damage. The gnoll hits you with a +0 halberd!
The goblin hits you but does no damage.
An orc comes into view. It is wielding a +0 club.
You closely miss the gnoll. Your kick misses the gnoll. You peck the gnoll.
You kill the gnoll!
You hit the goblin.
You kill the goblin!
You hit the gnoll but do no damage. You drain the gnoll.
The gnoll closely misses you.
You hit the gnoll.
The gnoll is moderately wounded.
You closely miss Natasha. Natasha claws you. The gnoll completely misses you.
You hit the gnoll but do no damage. You claw the gnoll, but do no damage.
The gnoll is moderately wounded.
You miss Natasha. Natasha misses you.
An orc comes into view. It is wielding a +0 club.
The gnoll barely misses you. The gnoll closely misses you.
You hit the gnoll. You drain the gnoll.
You kill the gnoll!
You hit the gnoll. You closely miss Natasha. Natasha closely misses you.
The gnoll barely misses you. x2
Your Axes skill increases to level 6!
You hit the gnoll but do no damage. You peck the gnoll.
The gnoll is severely wounded.
You hit Natasha but do no damage. Natasha claws you.
The gnoll closely misses you. The gnoll misses you.
You hit the gnoll. You drain the gnoll. You claw the gnoll, but do no damage.
The gnoll is almost dead.
You hit Natasha. Natasha casts a spell at you.
You feel yourself slow down. The gnoll hits you with a +0 club.
The gnoll hits you from afar with a +0 spear.
You die...

####.# ..... #.#$# .
##.#.#+# .# #....#\##
...# #.##..#.####
....##.
##...gg)....##.....?.
....$.h@.......# ..#
#..##.).#.#.#####..#
...o.#.####.......#
#.o##.#.#..###..##.#
.. #........##....# .
...##....#..###
#.####.#####..# ..
##..#...#..##
##...+._.#...# ##


You could see Natasha, 2 gnolls and 2 orcs.

Vanquished Creatures
  Terence (D:2)
  Natasha (D:3)
  Robin (D:2)
  2 gnolls (D:3)
  An adder (D:2)
  A worm (D:2)
  A dart slug (D:2)
  9 orcs (D:3)
  7 bats
  2 endoplasms
  3 giant cockroaches
  6 hobgoblins
  A quokka (D:1)
  2 ball pythons
  5 frilled lizards
  14 goblins
  2 kobolds (D:1)
  3 rats
62 creatures vanquished.

Vanquished Creatures (others)
  3 plants (D:3)
3 creatures vanquished.

Grand Total: 65 creatures vanquished

Notes
Turn   | Place    | Note
-------+----------+-------------------------------------------
     0 | D:1      | qw the Tengu Warper began the quest for the Orb.
     0 | D:1      | Reached XP level 1. HP: 12/12 MP: 4/4
     0 | D:1      | 0 ||| qw: Version: 0.1-a-89-g26bdef1
     0 | D:1      | 0 ||| qw: Game counter: 1370
     0 | D:1      | 0 ||| qw: Always use a shield: true
     0 | D:1      | 0 ||| qw: God list: Okawaru
     0 | D:1      | 0 ||| qw: Allow faded altars: false
     0 | D:1      | 0 ||| qw: Do Orc after D:15 true
     0 | D:1      | 0 ||| qw: Do second Lair branch before Depths: true
     0 | D:1      | 0 ||| qw: Lair rune preference: random
     0 | D:1      | 0 ||| qw: Plans: Normal
     0 | D:1      | 0 ||| PLANNING D:1-11
   137 | D:1      | Reached XP level 2. HP: 17/17 MP: 6/6
   167 | D:1      | 167 ||| Stepping ~*~*~tactically~*~*~ (stealth).
   170 | D:1      | Reached skill level 3 in Axes
   438 | D:1      | Found a faded altar of an unknown god.
   537 | D:1      | 537 ||| UPGRADING to +0 pair of gloves.
   542 | D:1      | 542 ||| UPGRADING to +0 ring mail.
   552 | D:1      | 552 ||| DROPPING +0 leather armour.
   553 | D:1      | 553 ||| DROPPING scroll of blinking.
   632 | D:2      | Noticed Terence
   642 | D:2      | HP: 4/17 [Terence/+0 mace (5)]
   644 | D:2      | Killed Terence
   645 | D:2      | Reached skill level 4 in Axes
   645 | D:2      | Reached XP level 3. HP: 5/21 MP: 7/7
   877 | D:2      | 877 ||| DROPPING +0 club.
  1052 | D:2      | Reached XP level 4. HP: 22/26 MP: 8/8
  1053 | D:2      | 1053 ||| FLEEEEING.
  1054 | D:2      | 1054 ||| FLEEEEING.
  1055 | D:2      | 1055 ||| FLEEEEING.
  1056 | D:2      | 1056 ||| FLEEEEING.
  1058 | D:2      | 1058 ||| FLEEEEING.
  1059 | D:2      | 1059 ||| FLEEEEING.
  1060 | D:2      | 1060 ||| FLEEEEING.
  1061 | D:2      | 1061 ||| FLEEEEING.
  1062 | D:2      | 1062 ||| FLEEEEING.
  1063 | D:2      | 1063 ||| FLEEEEING.
  1064 | D:2      | 1064 ||| FLEEEEING.
  1065 | D:2      | 1065 ||| FLEEEEING.
  1066 | D:2      | 1066 ||| FLEEEEING.
  1067 | D:2      | 1067 ||| FLEEEEING.
  1068 | D:2      | 1068 ||| FLEEEEING.
  1069 | D:2      | 1069 ||| FLEEEEING.
  1189 | D:2      | Noticed Robin
  1190 | D:2      | 1190 ||| Stepping ~*~*~tactically~*~*~ (hiding).
  1201 | D:2      | Killed Robin
  1206 | D:2      | Reached skill level 5 in Axes
  1840 | D:2      | 1840 ||| READING scroll labelled ESICUV KUCOAPA.
  1841 | D:2      | 1841 ||| READING scroll labelled UCIAVVAITI.
  1842 | D:2      | 1842 ||| READING scroll labelled PIUDDU SISEN.
  1843 | D:2      | 1843 ||| READING scroll labelled FAEPLEIHAA.
  1946 | D:3      | Found Xoasotur's Distillery.
  1955 | D:3      | 1955 ||| BUYING 2 potions of curing (72 gold).
  1955 | D:3      | Bought 2 potions of curing for 72 gold pieces
  1955 | D:3      | 1955 ||| SHOPLISTING 2 potions of haste (240 gold, have
                  | 27).
  1955 | D:3      | 1955 ||| SHOPLISTING potion of curing (36 gold, have 27).
  1955 | D:3      | 1955 ||| SHOPLISTING potion of might (48 gold, have 27).
  1955 | D:3      | 1955 ||| SHOPLISTING potion of resistance (120 gold, have
                  | 27).
  2024 | D:3      | Noticed Natasha
  2031 | D:3      | Killed Natasha
  2032 | D:3      | Gained mutation: Your magical nature lets you fly swiftly
                  | and evasively. [Tengu growth]
  2032 | D:3      | Reached XP level 5. HP: 30/30 MP: 9/9
  2038 | D:3      | 2038 ||| FLEEEEING.
  2039 | D:3      | 2039 ||| FLEEEEING.
  2040 | D:3      | 2040 ||| FLEEEEING.
  2041 | D:3      | 2041 ||| FLEEEEING.
  2042 | D:3      | 2042 ||| FLEEEEING.
  2043 | D:3      | 2043 ||| FLEEEEING.
  2044 | D:3      | 2044 ||| FLEEEEING.
  2045 | D:3      | 2045 ||| STAIRDANCE
  2055 | D:3      | 2055 ||| STAIRDANCE
  2096 | D:3      | Found a broken altar of Ashenzari.
  2160 | D:3      | 2160 ||| FLEEEEING.
  2162 | D:3      | 2162 ||| FLEEEEING.
  2163 | D:3      | 2163 ||| FLEEEEING.
  2164 | D:3      | 2164 ||| FLEEEEING.
  2165 | D:3      | 2165 ||| FLEEEEING.
  2166 | D:3      | 2166 ||| FLEEEEING.
  2167 | D:3      | 2167 ||| FLEEEEING.
  2168 | D:3      | 2168 ||| FLEEEEING.
  2169 | D:3      | 2169 ||| FLEEEEING.
  2170 | D:3      | 2170 ||| FLEEEEING.
  2171 | D:3      | 2171 ||| FLEEEEING.
  2173 | D:3      | 2173 ||| FLEEEEING.
  2174 | D:3      | 2174 ||| FLEEEEING.
  2176 | D:3      | 2176 ||| FLEEEEING.
  2222 | D:3      | Found Hares's Magic Scroll Shop.
  2226 | D:3      | 2226 ||| Stepping ~*~*~tactically~*~*~ (hiding).
  2228 | D:3      | Noticed Natasha
  2238 | D:3      | Reached skill level 6 in Axes
  2238 | D:3      | HP: 6/30 [Natasha (3)]
  2239 | D:3      | Slain by a gnoll

Levels and vault maps discovered:
D:1:      dpeg_arrival_simpleton_c, layout_basic,
          shapermc_ecumenical_altar_notcrosses
D:2:      layout_basic, uniq_robin, uniq_terence
D:3:      layout_loops_cross, nicolae_overflow_ecumenical_swirl,
          nicolae_ashenzari_skybound, serial_shops, shop,
          nicolae_shop_window_shopping, shop, nicolae_lakefront_shop,
          serial_bayou_crossing, uniq_natasha

Skill      XL: |  1  2  3  4  5 |
---------------+----------------+-----
Axes           | 4 5 6 |  6.0
Fighting       | |  2.0
Throwing       | |  1.0
Armour         | |  1.1
Dodging        | |  2.1
Spellcasting   | |  2.0
Translocations | |  2.4

Action                   |  1- 3 |  4- 6 || total
-------------------------+-------+-------++-------
Melee: Hand axe          |    50 |    76 ||   126
       Kick              |    17 |    18 ||    35
       Peck              |     9 |     8 ||    17
       Punch             |       |     1 ||     1
Throw: Boomerang         |     7 |       ||     7
  Use: Scroll            |       |     4 ||     4
Armor: Ring mail         |     7 |    26 ||    33
       Leather armour    |     2 |       ||     2
Dodge: Dodged            |    18 |    53 ||    71

Table legend:
 A = Non-vault XP
 B = Vault XP
 C = Vault XP percentage of total XP
 D = Non-vault monster count
 E = Vault monster count
 F = Vault count percentage of total count
                 A         B        C        D         E       F
            +---------+---------+-------+---------+---------+-------
      Total |     126 |     107 |  45.9 |      48 |      14 |  22.6
            +---------+---------+-------+---------+---------+-------
        D:1 |      28 |       0 |   0.0 |      18 |       0 |   0.0
        D:2 |      39 |      72 |  64.9 |      16 |      13 |  44.8
        D:3 |      59 |      35 |  37.2 |      14 |       1 |   6.7
            +---------+---------+-------+---------+---------+-------
